BSA
MAUI TROPICS @ SO CAL BRUINS
10/01/2028
 
TOP OF THE 1ST
Maui Tropics batting - Pitching for So Cal Bruins : RHP Kazuo Mochizuki
Pitching: RHP Kazuo Mochizuki
Batting: LHB Mario Olivares 0-0: Ball
1-0: Ball
2-0: Called Strike
2-1: Foul Ball, location: 2F
2-2: Foul Ball, location: 2F
2-2: Strikes out swinging, 2-3 out at first.
Batting: RHB Matt Silver 0-0: Bunt for hit - play at first, batter safe!
Batting: RHB Luis Alou 0-0: Ball
1-0: Ball
2-0: Called Strike
2-1: SINGLE (Line Drive, 89M)
Matt Silver to second
Batting: RHB José Herrera 0-0: Called Strike
0-1: Ball
1-1: Called Strike
1-2: Ball
2-2: Strikes out swinging
Batting: LHB Luis Antonio Torres 0-0: Ball
1-0: Called Strike
1-1: Ball
Wild Pitch!
Matt Silver to third
Luis Alou to second
2-1: Swinging Strike
2-2: SINGLE (Groundball, 56D)
Matt Silver scores
Luis Alou to third
Runner from 3rd tries for Home, SAFE, no throw
Batting: LHB Dave Cook 0-0: Ball
1-0: Swinging Strike
1-1: Swinging Strike
1-2: Ball
2-2: Ball
3-2: Fly out, F8 (Flyball, 8RM)
Top of the 1st over - 2 run(s), 3 hit(s), 0 error(s), 1 left on base; Maui 2 - So Cal 0
BOTTOM OF THE 1ST
So Cal Bruins batting - Pitching for Maui Tropics : RHP Ricardo Marino
Pitching: RHP Ricardo Marino
Batting: LHB Phil Smith 0-0: Called Strike
0-1: Fly out, F8 (Flyball, 8RM)
Batting: RHB Lawrence Schroeder 0-0: Ball
1-0: Ball
2-0: Called Strike
2-1: Called Strike
2-2: Ground out 4-3 (Groundball, 4M)
Batting: RHB Juan Valverde 0-0: Ball
1-0: Foul Ball, location: 2F
1-1: Foul Ball, location: 2F
1-2: Ball
2-2: Foul Ball, location: 2F
2-2: Strikes out swinging
Bottom of the 1st over - 0 run(s), 0 hit(s), 0 error(s), 0 left on base; Maui 2 - So Cal 0
TOP OF THE 2ND
Maui Tropics batting - Pitching for So Cal Bruins : RHP Kazuo Mochizuki
Batting: RHB Michael Woodruff 0-0: Foul Ball, location: 2F
0-1: Foul Ball, location: 2F
0-2: Ball
1-2: Ball
2-2: Foul Ball, location: 2F
2-2: Ground out 4-3 (Groundball, 4S)
Batting: RHB David Moran 0-0: Ball
1-0: Swinging Strike
1-1: Ball
2-1: Called Strike
2-2: Strikes out swinging
Batting: RHB John Brown 0-0: Called Strike
0-1: Swinging Strike
0-2: Ball
1-2: Ground out 3-1 (Groundball, 34)
Top of the 2nd over - 0 run(s), 0 hit(s), 0 error(s), 0 left on base; Maui 2 - So Cal 0
BOTTOM OF THE 2ND
So Cal Bruins batting - Pitching for Maui Tropics : RHP Ricardo Marino
Batting: LHB Patrick Osborne 0-0: Called Strike
0-1: Fly out, F7 (Flyball, 7LM)
Batting: LHB Robinson Fernández 0-0: Foul Ball, location: 2F
0-1: Ball
1-1: Ground out 4-3 (Groundball, 4)
Batting: SHB Chris Bennis 0-0: SINGLE (Line Drive, 6M)
Batting: RHB Gerardo Escobedo 0-0: Ball
1-0: Called Strike
1-1: DOUBLE (Groundball, 5L)
Chris Bennis to third
Runner from 3rd tries for Home, SAFE, no throw
Batting: LHB César Valentín 0-0: Called Strike
0-1: Ball
1-1: Ball
2-1: Fly out, F7 (Flyball, 78D)
Bottom of the 2nd over - 1 run(s), 2 hit(s), 0 error(s), 1 left on base; Maui 2 - So Cal 1
TOP OF THE 3RD
Maui Tropics batting - Pitching for So Cal Bruins : RHP Kazuo Mochizuki
Batting: LHB Mario Olivares 0-0: Foul Ball, location: 2F
0-1: Ball
1-1: Ball
2-1: Ground out 3-1 (Groundball, 34)
Batting: RHB Matt Silver 0-0: Foul Ball, location: 2F
0-1: Foul Ball, location: 2F
0-2: Strikes out swinging
Batting: RHB Luis Alou 0-0: Fly out, F9 (Flyball, 9)
Top of the 3rd over - 0 run(s), 0 hit(s), 0 error(s), 0 left on base; Maui 2 - So Cal 1
BOTTOM OF THE 3RD
So Cal Bruins batting - Pitching for Maui Tropics : RHP Ricardo Marino
Batting: RHB Morgan Gibbon 0-0: Swinging Strike
0-1: Called Strike
0-2: Ball
1-2: Ball
2-2: Ball
3-2: Foul Ball, location: 2F
3-2: Strikes out swinging, 2-3 out at first.
Batting: LHB Phil Smith 0-0: Ball
1-0: Foul Ball, location: 2F
1-1: Ball
2-1: Foul Ball, location: 2F
2-2: Foul Ball, location: 2F
2-2: Ball
3-2: Foul Ball, location: 2F
3-2: Fly out, F2 (Popup, 3S)
Batting: RHB Lawrence Schroeder 0-0: Ball
1-0: Called Strike
1-1: Swinging Strike
1-2: Strikes out swinging
Bottom of the 3rd over - 0 run(s), 0 hit(s), 0 error(s), 0 left on base; Maui 2 - So Cal 1
TOP OF THE 4TH
Maui Tropics batting - Pitching for So Cal Bruins : RHP Kazuo Mochizuki
Batting: RHB José Herrera 0-0: Ball
1-0: Called Strike
1-1: Ball
2-1: Ground out 4-3 (Groundball, 4S)
Batting: LHB Luis Antonio Torres 0-0: Called Strike
0-1: Swinging Strike
0-2: Foul Ball, location: 2F
0-2: Ball
1-2: Strikes out looking
Batting: LHB Dave Cook 0-0: Ball
1-0: Foul Ball, location: 2F
1-1: Called Strike
1-2: Ball
2-2: Ball
3-2: Base on Balls
Batting: RHB Michael Woodruff 0-0: Called Strike
0-1: Ball
1-1: Called Strike
1-2: Ball
2-2: Strikes out swinging
Top of the 4th over - 0 run(s), 0 hit(s), 0 error(s), 1 left on base; Maui 2 - So Cal 1
BOTTOM OF THE 4TH
So Cal Bruins batting - Pitching for Maui Tropics : RHP Ricardo Marino
Batting: RHB Juan Valverde 0-0: Foul Ball, location: 2F
0-1: Ball
1-1: Called Strike
1-2: SINGLE (Groundball, 6D)
Batting: LHB Patrick Osborne 0-0: Ball
1-0: Foul Ball, location: 2F
1-1: Called Strike
1-2: Foul Ball, location: 2F
1-2: Strikes out swinging
Batting: LHB Robinson Fernández 0-0: Ball
1-0: Fly out, F7 (Flyball, 7LMF)
Batting: SHB Chris Bennis 0-0: SINGLE (Groundball, 56S) (infield hit)
Juan Valverde to second
Batting: RHB Gerardo Escobedo 0-0: Called Strike
0-1: Swinging Strike
0-2: Fielders Choice at 2nd, 4-6 (Groundball, 4)
Bottom of the 4th over - 0 run(s), 2 hit(s), 0 error(s), 1 left on base; Maui 2 - So Cal 1
TOP OF THE 5TH
Maui Tropics batting - Pitching for So Cal Bruins : RHP Kazuo Mochizuki
Batting: RHB David Moran 0-0: Called Strike
0-1: Foul Ball, location: 2F
0-2: Fly out, F8 (Flyball, 8RS)
Batting: RHB John Brown 0-0: Fly out, F6 (Line Drive, 6)
Batting: LHB Mario Olivares 0-0: Called Strike
0-1: Called Strike
0-2: Ball
1-2: Ball
2-2: Foul Ball, location: 2F
2-2: Strikes out swinging
Top of the 5th over - 0 run(s), 0 hit(s), 0 error(s), 0 left on base; Maui 2 - So Cal 1
BOTTOM OF THE 5TH
So Cal Bruins batting - Pitching for Maui Tropics : RHP Ricardo Marino
Batting: LHB César Valentín 0-0: Ball
1-0: Fly out, F8 (Flyball, 8LXD)
Batting: RHB Morgan Gibbon 0-0: Called Strike
0-1: Ball
1-1: Called Strike
1-2: SOLO HOME RUN (Flyball, 7D), Distance : 374 ft
Batting: LHB Phil Smith 0-0: Called Strike
0-1: Swinging Strike
0-2: Ball
1-2: Strikes out swinging
Batting: RHB Lawrence Schroeder 0-0: Ball
1-0: Ball
2-0: SINGLE (Line Drive, 4MD)
Batting: RHB Juan Valverde 0-0: Called Strike
0-1: SINGLE (Flyball, 78S)
Lawrence Schroeder to second
Batting: LHB Patrick Osborne 0-0: Swinging Strike
0-1: SINGLE (Line Drive, 56D)
Lawrence Schroeder to third
Juan Valverde to second
Runner from 3rd tries for Home, SAFE, no throw
Batting: LHB Robinson Fernández 0-0: Ball
1-0: Ball
2-0: Foul Ball, location: 2F
2-1: DOUBLE (Flyball, 78D)
Juan Valverde scores
Patrick Osborne to third
Batting: SHB Chris Bennis 0-0: Called Strike
0-1: SINGLE (Line Drive, 4)
Patrick Osborne scores
Robinson Fernández to third
Batting: RHB Gerardo Escobedo 0-0: Called Strike
0-1: Fielders Choice at 2nd, 5-4 (Groundball, 56)
Bottom of the 5th over - 4 run(s), 6 hit(s), 0 error(s), 1 left on base; Maui 2 - So Cal 5
TOP OF THE 6TH
Maui Tropics batting - Pitching for So Cal Bruins : RHP Kazuo Mochizuki
Batting: RHB Matt Silver 0-0: Ball
1-0: Swinging Strike
1-1: Ball
2-1: Fly out, F8 (Flyball, 8LS)
Batting: RHB Luis Alou 0-0: Ball
1-0: Called Strike
1-1: SINGLE (Groundball, 34D)
Batting: RHB José Herrera 0-0: Fly out, F7 (Flyball, 78M)
Batting: LHB Luis Antonio Torres 0-0: Ball
1-0: Ground out 4-3 (Groundball, 4M)
Top of the 6th over - 0 run(s), 1 hit(s), 0 error(s), 1 left on base; Maui 2 - So Cal 5
BOTTOM OF THE 6TH
So Cal Bruins batting - Pitching for Maui Tropics : RHP Ricardo Marino
Batting: LHB César Valentín 0-0: Called Strike
0-1: Swinging Strike
0-2: Ball
1-2: Strikes out looking
Batting: RHB Morgan Gibbon 0-0: Ball
1-0: SINGLE (Groundball, 56D)
Batting: LHB Phil Smith 0-0: Called Strike
0-1: Fly out, F7 (Flyball, 7D)
Batting: RHB Lawrence Schroeder 0-0: Fly out, F6 (Line Drive, 6MD)
Bottom of the 6th over - 0 run(s), 1 hit(s), 0 error(s), 1 left on base; Maui 2 - So Cal 5
TOP OF THE 7TH
Maui Tropics batting - Pitching for So Cal Bruins : RHP Kazuo Mochizuki
Batting: LHB Dave Cook 0-0: Foul Ball, location: 2F
0-1: Fly out, F8 (Flyball, 8RD)
Batting: RHB Michael Woodruff 0-0: Ball
1-0: Foul Ball, location: 2F
1-1: Called Strike
1-2: Ball
2-2: Strikes out looking
Batting: RHB David Moran 0-0: Ground out 4-3 (Groundball, 4MD)
Top of the 7th over - 0 run(s), 0 hit(s), 0 error(s), 0 left on base; Maui 2 - So Cal 5
BOTTOM OF THE 7TH
So Cal Bruins batting - Pitching for Maui Tropics : RHP Ricardo Marino
Pitching: LHP Mark Stewart
Batting: RHB Juan Valverde 0-0: Called Strike
0-1: Foul Ball, location: 2F
0-2: Ball
1-2: Fly out, F5 (Popup, 5L)
Batting: LHB Patrick Osborne 0-0: Hit by Pitch
Batting: LHB Robinson Fernández 0-0: Ball
1-0: Called Strike
1-1: Ball
2-1: Called Strike
2-2: Ball
3-2: Strikes out looking
Batting: SHB Chris Bennis 0-0: Ball
1-0: SINGLE (Groundball, 34D)
Patrick Osborne to second
Runner from 2nd tries for 3rd, SAFE, no throw
Batting: RHB Gerardo Escobedo 0-0: Called Strike
0-1: Fielders Choice at 2nd, 4-6 (Groundball, 34)
Bottom of the 7th over - 0 run(s), 1 hit(s), 0 error(s), 1 left on base; Maui 2 - So Cal 5
TOP OF THE 8TH
Maui Tropics batting - Pitching for So Cal Bruins : RHP Kazuo Mochizuki
Pitching: RHP Kitahachi Okada
Batting: RHB John Brown 0-0: Ball
1-0: Swinging Strike
1-1: Foul Ball, location: 2F
1-2: Ball
2-2: Foul Ball, location: 2F
2-2: Strikes out swinging
Batting: LHB Mario Olivares 0-0: DOUBLE (Line Drive, 8LD)
Pitching: RHP Masahiko Okada
Batting: RHB Matt Silver 0-0: Ball
1-0: Swinging Strike
1-1: Ball
2-1: Sac Bunt - play at first, batter OUT! 1-3
Mario Olivares to third
Batting: RHB Luis Alou 0-0: Ball
1-0: SINGLE (Line Drive, 78S)
Mario Olivares scores
Batting: RHB José Herrera 0-0: Called Strike
0-1: SINGLE (Groundball, 4MD)
Luis Alou to second
Pitching: LHP Juan Fuentes
Pinch Hitting: RHB José Rodríguez 0-0: Called Strike
0-1: Foul Ball, location: 2F
0-2: Fly out, F9 (Flyball, 9S)
Top of the 8th over - 1 run(s), 3 hit(s), 0 error(s), 2 left on base; Maui 3 - So Cal 5
BOTTOM OF THE 8TH
So Cal Bruins batting - Pitching for Maui Tropics : LHP Mark Stewart
Now at 1B: José Rodríguez
Batting: LHB César Valentín 0-0: Swinging Strike
0-1: Ball
1-1: Ball
2-1: Foul Ball, location: 2F
2-2: DOUBLE (Flyball, 7D)
Batting: RHB Morgan Gibbon 0-0: Intentional Walk
Pinch Hitting: RHB Earl Wiggins 0-0: Called Strike
0-1: Swinging Strike
0-2: Foul Ball, location: 2F
0-2: DOUBLE (Line Drive, 8LD)
César Valentín scores
Morgan Gibbon to third
Batting: RHB Lawrence Schroeder 0-0: Called Strike
0-1: Foul Ball, location: 2F
0-2: Ground out 4-3 (Groundball, 34)
Batting: RHB Juan Valverde 0-0: Intentional Walk
Pinch Hitting: RHB Rubén Calderón 0-0: Called Strike
0-1: Ball
1-1: Swinging Strike
1-2: Ball
2-2: Ball
3-2: Grounds into double play, 6-2-3 (Groundball, 6)
Bottom of the 8th over - 1 run(s), 2 hit(s), 0 error(s), 2 left on base; Maui 3 - So Cal 6
TOP OF THE 9TH
Maui Tropics batting - Pitching for So Cal Bruins : LHP Juan Fuentes
Pitching: RHP Marty Burgess
Now in LF: Rubén Calderón
Now in CF: José Antonio Santiago
Batting: LHB Dave Cook 0-0: Fly out, F8 (Flyball, 8LS)
Batting: RHB Michael Woodruff 0-0: Ball
1-0: Called Strike
1-1: Called Strike
1-2: Strikes out looking
Batting: RHB David Moran 0-0: Ground out 1-3 (Groundball, 13)
Top of the 9th over - 0 run(s), 0 hit(s), 0 error(s), 0 left on base; Maui 3 - So Cal 6
Tuesday, August 8th, 2017 - OOTP Baseball 17.12 Build 75